 Dungeon Crawl Stone Soup version 0.32-a0-666-ge8a88695a4 (webtiles) character file.

Game seed: 8832357506649602730

44 Esekla the Digger (level 3, 0/64 HPs)
             Began as a Mountain Dwarf Wanderer on Mar 9, 2024.
             Succumbed to an adder's poison
             ... on level 2 of the Dungeon.
             The game lasted 00:08:44 (1205 turns).

Esekla the Digger (Mountain Dwarf Wanderer)         Turns: 1205, Time: 00:08:44

Health: 0/64       AC: 21    Str: 11    XL:     3   Next: 39%
Magic:  5/5        EV:  2    Int: 17    God:
Gold:   53         SH:  0    Dex:  9    Spells: 2/5 levels left

rFire   . . .        a - +0 glaive
rCold   . . .        (shield currently unavailable)
rNeg    . . .        c - melded +0 robe
rPois   +            (helmet currently unavailable)
rElec   .            (cloak currently unavailable)
rCorr   .            (gloves currently unavailable)
SInv    .            (boots currently unavailable)
Will    .....        (no amulet) Stlth
                     (no ring)
HPRegen 0.30/turn    (no ring)
MPRegen 0.09/turn

%: no passive effects
@: berserking (expiring), lethally poisoned (0 -> -4), tree-form, attractive,
very quick
A: stationary, stasis, torment immunity, boosted hp, runic magic, artefact
enchanting
a: no special abilities


You were on level 2 of the Dungeon.
You were a tree.
You visited 1 branch of the dungeon, and saw 2 of its levels.

You collected 53 gold pieces.

Inventory:

Hand Weapons
 a - a +0 glaive (weapon)
 f - a +0 dagger
Missiles
 e - 3 boomerangs (quivered)
 g - 3 poisoned darts
Armour
 c - a +0 robe (melded)
Scrolls
 d - a scroll of torment {unknown}
 i - a scroll of teleportation {unknown}
 k - a scroll of blinking {unknown}
Potions
 h - a potion of brilliance {unknown}
 j - 2 potions of attraction
 m - a potion of curing {unknown}


   Skills:
 * Level 1.7 Fighting
 * Level 1.2(1.6) Axes
 + Level 1.1(1.3) Polearms
 + Level 0.1 Throwing
 + Level 1.0 Dodging
 + Level 1.0 Stealth
 - Level 1.1 Shields
 * Level 1.6 Spellcasting
 + Level 1.5 Translocations
 + Level 4.4 Earth Magic


You had 2 spell levels left.
You knew the following spells:

 Your Spells              Type           Power      Damage    Failure   Level
b - Blink                 Tloc           12%        N/A       16%         2
p - Apportation           Tloc           12%        N/A       11%         1

Your spell library contained the following spells:

 Spells                   Type           Power      Damage    Failure   Level
 Sandblast                Erth           32%        2d9       3%          1
 Momentum Strike          Conj/Tloc      8%         3d8       22%         2
 Passwall                 Erth           16%        N/A       10%         3


Dungeon Overview and Level Annotations

Branches:
Dungeon (2/15)

Altars:


Innate Abilities, Weirdness & Mutations

You are a tree.
Your roots penetrate the ground, keeping you stationary.
You cannot be teleported.
You are immune to unholy pain and torment.
Your maximum health is greatly increased.
Your equipment is partially melded.
Your spellcasting is much less encumbered by armour.
You can use scrolls of enchantment on lesser artefacts.


Message History

You feel attractive to monsters.
* * * LOW HITPOINT WARNING * * *
You feel sick. The adder bites you but does no damage.
You turn into a tree.
Your +0 robe melds into your body.
Your roots penetrate the ground.
* * * LOW HITPOINT WARNING * * *
You feel sick. The adder bites you but does no damage.
The adder barely misses you.
It was a potion of berserk rage.
A red film seems to cover your vision as you go berserk!
You feel yourself moving faster!
You feel mighty!
You feel sick. The adder bites you but does no damage.
You closely miss the adder.
The adder is lightly wounded.
You feel sick.
The adder bites you but does no damage. x2
You miss the adder.
The adder is lightly wounded.
You feel sick. The adder bites you.
* * * LOW HITPOINT WARNING * * *
You closely miss the adder.
The adder is lightly wounded.
You feel sick. The adder bites you.
* * * LOW HITPOINT WARNING * * *
You are lethally poisoned!
The adder poisons you!
You closely miss the adder.
The adder is lightly wounded.
* * * LOW HITPOINT WARNING * * *
You feel sick.
The adder bites you but does no damage. x2
You closely miss the adder.
The adder is lightly wounded.
* * * LOW HITPOINT WARNING * * *
You feel sick. The adder bites you but does no damage.
You barely miss the adder.
The adder is lightly wounded.
* * * LOW HITPOINT WARNING * * *
You feel sick.
The adder bites you but does no damage. x2
You closely miss the adder.
The adder is lightly wounded.
You die...

#.#.......†.#.........####
#..#......#.#.........#.#
.......##.#.......†...#
#.###.##...........#.#
#####....................#
.$.....#.................#
#...####.....#.#.....#
#..#..###.#.........#.# #.
##..♣SK............# #
#####...#.........#
##......#. ....... .......
....#.. ...## . ...#


You could see an adder and a kobold.

Vanquished Creatures
  A gnoll (D:2)
  2 ribbon worms (D:2)
  An endoplasm (D:2)
  2 goblins (D:1)
  5 hobgoblins
  2 kobolds (D:1)
  2 quokkas (D:1)
  A ball python (D:1)
  6 bats
  2 frilled lizards (D:1)
  4 rats
28 creatures vanquished.

Notes
Turn   | Place    | Note
-------+----------+-------------------------------------------
     0 | D:1      | Esekla the Mountain Dwarf Wanderer began the quest for the
                  | Orb.
     0 | D:1      | Esekla set off with the following items: a +0 club, a
                  | potion of lignification, a +0 robe, a +0 buckler; and the
                  | following spells available to memorise: Sandblast,
                  | Apportation, Blink, Momentum Strike, Passwall.
     0 | D:1      | Reached XP level 1. HP: 14/14 MP: 2/2
     2 | D:1      | Learned a level 1 spell: Apportation
   274 | D:1      | Reached skill level 1 in Fighting
   274 | D:1      | Reached XP level 2. HP: 23/23 MP: 3/3
   291 | D:1      | Reached skill level 1 in Axes
   894 | D:2      | Reached XP level 3. HP: 6/28 MP: 5/5
   904 | D:2      | Learned a level 2 spell: Blink
  1128 | D:2      | Reached skill level 1 in Polearms
  1203 | D:2      | HP: 2/64 [poisoned by an adder]
  1205 | D:2      | Succumbed to an adder's poison

Illustrated notes

Levels and vault maps discovered:
D:1:      minmay_arrival_glassed_features, layout_basic,
          dreamdust_princess_bridge
D:2:      kennysheep_six_static_rooms, layout_rooms, basic_altar

Skill      XL: |  1  2  3 |
---------------+----------+-----
Fighting       | 1 |  1.7
Axes           | 1 |  1.2
Polearms       | 1 |  1.1
Throwing       | |  0.1
Dodging        | |  1.0
Stealth        | |  1.0
Shields        | |  1.1
Spellcasting   | |  1.6
Translocations | |  1.5
Earth Magic    | |  4.4

Action                     || total
---------------------------++-------
  Melee: Glaive            ||   127
  Throw: Boomerang         ||     2
   Cast: Apportation       ||     1
    Use: Potion            ||     3
   Stab: Sleeping          ||     1
 Armour: Robe              ||    89
         Skin              ||    11
  Dodge: Dodged            ||   101

Table legend: (Time is in decaauts)
 A = Elapsed time spent in this place.
 B = Non-inter-level travel time spent in this place.
 C = Inter-level travel time spent in this place.
 D = Time resting spent in this place.
 E = Time spent auto-exploring this place.
 F = Levels seen in this place.
 G = Mean time per level.
                   A        B        C        D        E       F      G
               +--------+--------+--------+--------+--------+-----+--------+
         Total |   1287 |   1233 |     54 |    193 |    348 |   2 |  643.5 |
       Dungeon |   1287 |   1233 |     54 |    193 |    348 |   2 |  643.5 |
               +--------+--------+--------+--------+--------+-----+--------+

Top non-repeatable levels by time:
     D:1: 942 daAuts
     D:2: 345 daAuts
